 Dungeon Crawl Stone Soup version 0.19-a0-49-gb8736b8 (webtiles) character file.

241 M4edhros the Ruffian (level 5, -7/50 HPs)
             Began as a Troll Monk on May 6, 2016.
             Mangled by an ice beast (13 damage)
             ... on level 6 of the Dungeon.
             The game lasted 00:02:47 (741 turns).

M4edhros the Ruffian (Troll Monk)                    Turns: 741, Time: 00:02:47

Health: -7/50      AC:  5    Str: 19    XL:     5   Next: 80%
Magic:  4/4        EV: 10    Int:  6    God:
Gold:   96         SH:  0    Dex: 13    Spells: 0 memorised, 4 levels left

rFire  . . .     SeeInvis .       - Unarmed
rCold  . . .     Gourm    +     a - +0 robe
rNeg   . . .     Faith    .     (no shield)
rPois  .         Spirit   .     (helmet restricted)
rElec  .         Dismiss  .     (no cloak)
rCorr  .         Reflect  .     (gloves unavailable)
SustAt .         Harm     .     (boots unavailable)
MR     +....                    (no amulet)
Stlth  +.........               (no ring)
                                e - ring of protection from magic

@: somewhat resistant to hostile enchantments, very unstealthy
A: unfitting armour, claws 3, fast metabolism 3, gourmand, regeneration 2,
shaggy fur 1, tough skin 2
a: no special abilities


You were on level 6 of the Dungeon.
You were not hungry.

You visited 1 branch of the dungeon, and saw 6 of its levels.

You collected 96 gold pieces.

Inventory:

Armour
 a - a +0 robe (worn)
Jewellery
 d - an uncursed ring of ice
 e - a ring of protection from magic (left claw)
Scrolls
 f - 2 scrolls of identify {unknown}
 g - a scroll of enchant weapon {unknown}
 h - a scroll of teleportation {unknown}
Comestibles
 b - 2 bread rations
 c - a royal jelly


   Skills:
 - Level 2.4 Fighting
 - Level 2.4 Dodging
 - Level 1.1 Stealth
 + Level 7.1 Unarmed Combat


You had 4 spell levels left.
You didn't know any spells.

Dungeon Overview and Level Annotations

Branches:
Dungeon (6/15)
 Temple: D:4-7

Altars:
Xom


Innate Abilities, Weirdness & Mutations

You are too large for most types of armour.
You have claws for hands.
Your metabolism is lightning-fast.
You like to eat raw meat.
You heal very quickly.
You are covered in fur (AC +1).
You have very tough skin (AC +2).


Message History

The big kobold is heavily wounded.
The big kobold hits you! The kobold hits you but does no damage.
The kobold barely misses you. The ice beast hits you.
* * * LOW HITPOINT WARNING * * *
The ice beast freezes you.
* * * LOW HITPOINT WARNING * * *
The big kobold throws a stone.
The stone barely misses you.
The kobold throws a stone.
The stone barely misses you.
You see here a stone.
You claw the ice beast!
The ice beast is moderately wounded.
The ice beast closely misses you. The kobold hits you but does no damage.
Unknown command.
You closely miss the ice beast.
The ice beast is moderately wounded.
The ice beast hits you.
* * * LOW HITPOINT WARNING * * *
The ice beast freezes you!
You die...

### ...#
...# ...#
#######...#
#..)....>.#
+....K....#
#...KKY...#
######@...#
######


You could see an ice beast, a big kobold and 2 kobolds.

Vanquished Creatures
  A hound (D:4)
  A centaur skeleton (D:6)
  3 orc wizards
  A worker ant (D:4)
  An adder (D:4)
  An ooze (D:4)
  A worm (D:2)
  A dart slug (D:3)
  A giant gecko (D:1)
  10 orcs
  4 bats
  A giant cockroach (D:1)
  2 goblins
  3 hobgoblins
  5 kobolds
  A ball python (D:1)
  2 giant newts (D:2)
  3 rats
42 creatures vanquished.

Vanquished Creatures (others)
  An orc wizard (D:4)
1 creature vanquished.

Grand Total: 43 creatures vanquished

Notes
Turn   | Place    | Note
--------------------------------------------------------------
     0 | D:1      | M4edhros the Troll Monk began the quest for the Orb.
     0 | D:1      | Reached XP level 1. HP: 22/22 MP: 0/0
    99 | D:1      | Reached XP level 2. HP: 29/29 MP: 1/1
   333 | D:3      | Reached skill level 5 in Unarmed Combat
   350 | D:3      | Reached XP level 3. HP: 36/36 MP: 2/2
   410 | D:3      | Found a shimmering altar of Xom.
   488 | D:4      | Reached XP level 4. HP: 41/44 MP: 3/3
   491 | D:4      | Reached skill level 6 in Unarmed Combat
   495 | D:4      | Reached XP level 5. HP: 34/50 MP: 4/4
   710 | D:5      | Entered Level 5 of the Dungeon
   731 | D:6      | Reached skill level 7 in Unarmed Combat
   734 | D:6      | Noticed an ice beast
   741 | D:6      | Mangled by an ice beast

Vault maps used:
D:1:      erik_arrival_cave_to_civilisation
D:3:      nicolae_overflow_hidden_temple, uniq_sigmund, uniq_grinder
D:4:      first_bread

Skill      XL: |  1  2  3  4  5 |
---------------+----------------+-----
Unarmed Combat | 5 6 7 |  7.1
Fighting       | |  2.4
Dodging        | |  2.4
Stealth        | |  1.1

Action                   |  1- 3 |  4- 6 || total
-------------------------+-------+-------++-------
Melee: Unarmed           |    74 |    43 ||   117
       Punch             |     2 |     2 ||     4
  Use: Potion            |       |     1 ||     1
  Eat: Chunk             |     7 |       ||     7
Armor: Robe              |    29 |    23 ||    52
Dodge: Dodged            |    37 |    41 ||    78
